Selects Airborne Battlegroup
Selects Heavy Machine Gun Paradrop
Heavy Machine Gun Paradrop
Construct Weapon Support Center
Heavy Machine Gun Paradrop
Construct Weapon Support Center
Selects Paratrooper Squad Paradrop
Paratrooper Squad Paradrop
Construct Medical Station
Mechanized Support Center
Paratrooper Squad Paradrop
Selects Anti-tank Gun Team Paradrop
Heavy Machine Gun Paradrop
Designate Forward Repair Station
Anti-tank Gun Team Paradrop
Selects Dual P-47 Rocket Strike